 Dungeon Crawl Stone Soup version 0.31-a0-880-g9a209b2425 (webtiles) character file.

Game seed: 18363502463570595119

193 JackS81 the Ruffian (level 6, -11/47 HPs)
             Began as a Meteoran Shapeshifter on Oct 15, 2023.
             Was an Initiate of Trog.
             Killed by divine providence
             ... invoked by an orc priest
              (15 damage)
             ... on level 4 of the Dungeon.
             The game lasted 00:10:34 (1650 turns).

JackS81 the Ruffian (Meteoran Shapeshifter)         Turns: 1650, Time: 00:10:35

Health: -11/47     AC:  2    Str: 17      XL:     6   Next: 24%
Magic:  7/7        EV: 12    Int: 17      God:    Trog [......]
Gold:   163        SH:  0    Dex: 14 (15) Spells: 5/5 levels left

rFire   . .          .
                       - Unarmed
rCold   . . .        (no shield)
rNeg    . . .        a - +0 animal skin
rPois   .            (helmet currently unavailable)
rElec   .            (cloak currently unavailable)
rCorr   .            (gloves currently unavailable)
SInv    .            (boots currently unavailable)
Will    .....        (no amulet)
Stlth   +            e - +6 ring of intelligence
HPRegen 0.27/turn    (no ring)
MPRegen 0.10/turn

%: clarity
@: brilliant, beast-form, attractive, hasted, glowing, very quick
A: beast (slay +3), sense surroundings 1, otherworldly, glowing, explore regen,
horns 1, clarity
a: Begin Untransformation, Renounce Religion


You were on level 4 of the Dungeon.
You worshipped Trog.
Trog was noncommittal.
You were a hulking beast.
You visited 1 branch of the dungeon, and saw 4 of its levels.

You collected 163 gold pieces.

Inventory:

Hand Weapons
 n - a +2 whip of draining
Missiles
 m - 5 atropa-tipped darts (quivered)
 q - 8 poisoned darts
Armour
 a - a +0 animal skin (worn)
 o - a +0 helmet
 r - a +0 pair of boots
Jewellery
 e - a +6 ring of intelligence (left hand)
Talismans
 b - a flux talisman
 c - a beast talisman (active)
 d - a flux talisman
Scrolls
 j - 4 scrolls of identify {unknown}
 k - a scroll of teleportation {unknown}
 p - 2 scrolls of torment {unknown}
Potions
 i - 2 potions of mutation


   Skills:
 + Level 1.2 Fighting
 - Level 0.2 Throwing
 - Level 2.1 Dodging
 + Level 5.8 Unarmed Combat
 * Level 5.5 Shapeshifting


You had 5 spell levels left.
You didn't know any spells.
Your spell library contained the following spells:

 Spells                   Type           Power      Damage    Failure   Level
 Ozocubu's Armour         Ice            0%         N/A       56%         3
 Ozocubu's Refrigeration  Ice            0%         4d7       100%        7


Dungeon Overview and Level Annotations

Branches:
Dungeon (4/15) Zot: 763
 Temple: D:4-7

Altars:
Makhleb
Trog

Shops:
D:1 =

Annotations:
D:4 Blork the orc


Innate Abilities, Weirdness & Mutations

You are a hulking beast.
Your limbs bulge with bestial killing power. (Slay +3)
You passively map a small area around you.
You are easily found by Zot.
You glow in the dark.
You regain HP and MP as you explore.
You have a pair of small horns on your head.
You possess an exceptional clarity of mind.


Message History

Trog accepts your kill. The hound completely misses you.
The orc priest begins to cast a cantrip, but forgets the words!
You feel your strength returning.
You completely miss the hound. The hound bites you.
You closely miss the hound. The hound closely misses you.
You hit the hound.
The hound is moderately wounded.
The hound bites you.
You hit the hound.
The hound is heavily wounded.
The hound closely misses you. The hound bites you.
You miss the hound.
The hound is heavily wounded.
The hound closely misses you.
The orc priest invokes the aid of Beogh against you.
Beogh smites you!
* * * LOW HITPOINT WARNING * * *
It was a potion of mutation.
You feel extremely strange.
Your thoughts seem clearer.
A pair of horns grows on your head! The hound bites you.
* * * LOW HITPOINT WARNING * * *
The hound bites you but does no damage.
It was a potion of haste.
You feel yourself speed up. The hound closely misses you.
It was a potion of brilliance.
You feel clever all of a sudden. The hound barely misses you.
Blork the orc mumbles some strange words.
Blork the orc seems to speed up.
It was a potion of attraction.
You feel attractive to monsters. The hound bites you.
* * * LOW HITPOINT WARNING * * *
You punch the hound!
The hound is almost dead.
The hound misses you.
The orc priest mumbles some strange prayers to Beogh against you.
Beogh smites you!
You die...

##.....## *
###.## * ##...##
#....# ##+##
#.#.## *# ###
#.### *.. ..# #.#
* .#.* *#.# #.#
....###.# #.#
......#o######.#
,.......oohh.<..#
*.#.##.#o########
*, *# #.#*
...o......#
*##....###.$#* *
#o### h... # *
.K... **,,, ..♣..
, * * * * , ♣.,.
,


You could see Blork the orc (fast), a hound, an orc priest and 2 orcs.

Vanquished Creatures
  A howler monkey (D:3)
  An orc priest (D:4)
  Terence (D:3)
  A sleepcap (D:4)
  Robin (D:2)
  An adder (D:3)
  A worm (D:2)
  A dart slug (D:2)
  An orc (D:4)
  2 bats (D:1)
  5 endoplasms
  2 giant cockroaches
  7 hobgoblins
  3 jackals (D:4)
  4 kobolds
  5 ball pythons
  2 frilled lizards (D:1)
  7 goblins
  2 rats
48 creatures vanquished.

Notes
Turn   | Place    | Note
-------+----------+-------------------------------------------
     0 | D:1      | JackS81 the Meteoran Shapeshifter began the quest for the
                  | Orb.
     0 | D:1      | Reached XP level 1. HP: 16/16 MP: 2/2
   144 | D:1      | Reached XP level 2. HP: 17/23 MP: 3/3
   410 | D:1      | Reached XP level 3. HP: 26/28 MP: 4/4
   444 | D:1      | Found Zostouc's Jewellery Emporium.
   503 | D:1      | Glimpsed the power of Zot.
   553 | D:1      | Glimpsed the power of Zot.
   623 | D:2      | Found a bloodstained altar of Trog.
   635 | D:2      | Became a worshipper of Trog the Wrathful
   641 | D:2      | Noticed Robin
   653 | D:2      | Killed Robin
   660 | D:2      | Reached XP level 4. HP: 31/35 MP: 5/5
  1064 | D:3      | Noticed Terence
  1081 | D:3      | Killed Terence
  1082 | D:3      | Reached skill level 5 in Shapeshifting
  1147 | D:3      | Reached XP level 5. HP: 37/40 MP: 6/6
  1205 | D:3      | Reached skill level 5 in Unarmed Combat
  1501 | D:3      | Found a burning altar of Makhleb.
  1594 | D:4      | Reached XP level 6. HP: 40/47 MP: 7/7
  1637 | D:4      | Noticed Blork the orc
  1646 | D:4      | Gained mutation: You possess an exceptional clarity of
                  | mind. [potion of mutation]
  1646 | D:4      | Gained mutation: You have a pair of small horns on your
                  | head. [potion of mutation]
  1650 | D:4      | Killed from afar by an orc priest

Illustrated notes

Levels and vault maps discovered:
D:1:      dpeg_arrival_prison, layout_loops_cross, serial_shops,
          nicolae_shop_hallway_stairs, corner_web_ring
D:2:      layout_loops_ring, basic_altar, uniq_robin
D:3:      layout_loops_ring, lemuel_doored_altar, uniq_terence
D:4:      layout_loops_corners, chequers_garden, uniq_blork_the_orc

Skill      XL: |  1  2  3  4  5 |
---------------+----------------+-----
Shapeshifting  | 4 5 |  5.5
Unarmed Combat | 4 5 |  5.8
Fighting       | |  1.2
Throwing       | |  0.2
Dodging        | |  2.1

Action                     |  1- 3 |  4- 6 || total
---------------------------+-------+-------++-------
  Melee: Unarmed           |    77 |    74 ||   151
         Punch             |     2 |     4 ||     6
  Throw: Dart              |       |     4 ||     4
    Use: Potion            |     1 |     5 ||     6
         Scroll            |       |     1 ||     1
   Stab: Invisible         |       |     1 ||     1
 Armour: Animal skin       |    31 |    30 ||    61
         Skin              |    31 |       ||    31
  Dodge: Dodged            |    36 |    39 ||    75

Table legend: (Time is in decaauts)
 A = Elapsed time spent in this place.
 B = Non-inter-level travel time spent in this place.
 C = Inter-level travel time spent in this place.
 D = Time resting spent in this place.
 E = Time spent auto-exploring this place.
 F = Levels seen in this place.
 G = Mean time per level.
                   A        B        C        D        E       F      G
               +--------+--------+--------+--------+--------+-----+--------+
         Total |   1636 |   1393 |    243 |     26 |    424 |   4 |  409.0 |
       Dungeon |   1636 |   1393 |    243 |     26 |    424 |   4 |  409.0 |
               +--------+--------+--------+--------+--------+-----+--------+

Top non-repeatable levels by time:
     D:1: 550 daAuts
     D:3: 512 daAuts
     D:2: 463 daAuts
     D:4: 109 daAuts
